 Dungeon Crawl Stone Soup version 0.29.1-4-g47bece8355 (webtiles) character file.

Game seed: 6431258092482908689

66 Owasis the Firebug (level 3, 0/15 HPs)
             Began as a Felid Fire Elementalist on Dec 9, 2022.
             Slain by an orc wizard
             ... wielding a +0 dagger
              (2 damage)
             ... on level 3 of the Dungeon.
             The game lasted 00:07:49 (1904 turns).

Owasis the Firebug (Felid Fire Elementalist)        Turns: 1904, Time: 00:07:49

Health: 0/15       AC:  1    Str:  6    XL:     3   Next: 96%
Magic:  0/7        EV: 17    Int: 16    God:
Gold:   143        SH:  0    Dex: 16    Spells: 0/6 levels left
                                        Lives:  0   Deaths: 0

rFire   . . .      SeeInvis +   (weapon unavailable)
rCold   . . .      Faith    .   (shield unavailable)
rNeg    . . .      Spirit   .   (body armour unavailable)
rPois   .          Reflect  .   (helmet unavailable)
rElec   .          Harm     .   (cloak unavailable)
rCorr   .          Rampage  .   (gloves unavailable)
Will    .....                   (boots unavailable)
Stlth   +.........              (no amulet)
HPRegen 0.05/turn               (no ring)
MPRegen 0.10/turn               (no ring)

@: confused, quick
A: very small, claws 1, fangs 3, see invisible, speed 1, shaggy fur 1, stealthy
paws, no weapons or thrown items, no armour, multi-lived
a: no special abilities


You were on level 3 of the Dungeon.
You visited 1 branch of the dungeon, and saw 3 of its levels.

You collected 143 gold pieces.

Inventory:

Potions
 b - a potion of degeneration


   Skills:
 * Level 1.0 Fighting
 * Level 3.0 Dodging
 * Level 2.9 Stealth
 * Level 0.8 Unarmed Combat
 * Level 2.4 Spellcasting
 * Level 1.3 Conjurations
 * Level 3.4 Fire Magic


You couldn't memorise any spells.
You knew the following spells:

 Your Spells              Type           Power      Damage    Failure   Level
a - Foxfire               Conj/Fire      36%        2x1d5     8%          1
b - Scorch                Fire           24%        2d6       8%          2
c - Inner Flame           Hex/Fire       7%         N/A       30%         3

Your spell library contained the following spells:

 Spells                   Type           Power      Damage    Failure   Level
 Conjure Flame            Conj/Fire      9%         6-21      22%         3
 Sublimation of Blood     Necr           1%         N/A       30%         2
 Flame Wave               Conj/Fire      9%         2d6       58%         4
 Petrify                  Tmut/Erth      1%         N/A       89%         4
 Irradiate                Conj/Tmut      2%         3d12      99%         5


Dungeon Overview and Level Annotations

Branches:
Dungeon (3/15)

Altars:


Innate Abilities, Weirdness & Mutations

You have sharp claws.
You have razor-sharp teeth.
You have supernaturally acute eyesight. (SInv)
You cover ground quickly. (Speed+)
You are covered in fur. (AC +1)
Your paws help you pounce on unaware monsters.
You are incapable of wielding weapons or throwing items.
You cannot wear armour.
You gain extra lives every three experience levels.


Message History

The orc wizard casts a spell.
The orc wizard flickers and vanishes for a moment.
You scratch the orc wizard but do no damage.
The orc wizard is almost dead.
The orc wizard misses you.
Your magical contamination has completely faded away.
You closely miss the orc wizard.
You bite the orc wizard, but do no damage.
The orc wizard is almost dead.
The orc wizard hits you with a +0 dagger.
The orc wizard gestures at you while chanting.
You resist with some effort. The orc wizard casts a spell at you.
The magic dart hits you.
* * * LOW HITPOINT WARNING * * *
Casting: Foxfire (safe; 8% risk of failure)
Confirm with . or Enter, or press ? or * to list all spells.
You conjure some foxfire!
What are your orders? t - Meow!
Orders for allies: a - Attack new target. r - Retreat! s - Stop attacking. g - Guard the area. f - Follow me.
Anything else - Cancel.
Gang up on whom?
Press: ? - help, Dir - move target, f - orc wizard
Aim: an orc wizard, wielding a +0 dagger and wearing a +0 robe (almost dead, slightly transparent, ally target)
The orc wizard is invisible, and you have no allies that can see it.
Unknown command.
Your foxfire dissipates!
The foxfire hits the orc wizard.
The orc wizard is almost dead.
Okay, then.
The orc wizard points at you and mumbles some strange words.
You are confused.
Unknown command.
The orc wizard casts a spell at you. The puff of flame misses you.
The orc wizard hits you with a +0 dagger.
You die...

.##...##......#
.####o##......#
.####.........#
.##...........######
......###..).......#
.##.#.. #..........#
....##.##......)...#
.#.................#
.......##.......@..#
...###.##.......o..#
.# #<)........# .#
############ # #


You could see an orc wizard (invisible).

Vanquished Creatures
  An adder (D:3)
  5 dart slugs
  3 orcs (D:3)
  4 ball pythons
  3 endoplasms
  A giant cockroach (D:1)
  7 goblins
  2 hobgoblins (D:1)
  4 jackals (D:1)
  3 kobolds
  4 bats
  A frilled lizard (D:3)
  4 rats
42 creatures vanquished.

Vanquished Creatures (others)
  39 foxfires
39 creatures vanquished.

Grand Total: 81 creatures vanquished

Notes
Turn   | Place    | Note
-------+----------+-------------------------------------------
     0 | D:1      | Owasis the Felid Fire Elementalist began the quest for the
                  | Orb.
     0 | D:1      | Reached XP level 1. HP: 7/7 MP: 4/4
   408 | D:1      | Reached XP level 2. HP: 8/11 MP: 1/6
   411 | D:1      | Learned a level 2 spell: Scorch
   575 | D:1      | Reached skill level 1 in Conjurations
  1050 | D:1      | Reached XP level 3. HP: 13/15 MP: 4/7
  1054 | D:1      | Learned a level 3 spell: Inner Flame
  1647 | D:3      | Reached skill level 1 in Fighting
  1904 | D:3      | Slain by an orc wizard

Illustrated notes

Levels and vault maps discovered:
D:1:      erik_arrival_orb_chamber, layout_basic, minmay_split_cup_small
D:2:      layout_loops_cross, hellmonk_ecumenical_altar_pennies_from_heaven,
          serial_shops, nicolae_shop_behind_doors, st_stairs_13
D:3:      layout_rooms, hangedman_decor_opposing

Skill      XL: |  1  2  3 |
---------------+----------+-----
Fire Magic     | 3 |  3.4
Conjurations   | 1 |  1.3
Fighting       | 1 |  1.0
Dodging        | 3 |  3.0
Stealth        | |  2.9
Unarmed Combat | |  0.8
Spellcasting   | |  2.4

Action                   || total
-------------------------++-------
Melee: Unarmed           ||    11
       Bite              ||     1
 Cast: Foxfire           ||    23
       Scorch            ||    29
       Inner Flame       ||     2
  Use: Potion            ||     1
       Scroll            ||     1
 Stab: Sleeping          ||     3
Armor: Skin              ||     3
Dodge: Dodged            ||    41
